 Dungeon Crawl Stone Soup version 0.16-a0-3425-gb4a0a08 (webtiles) character file.

1449 NewYearsCrawler the Cleaver (level 9, -11/64 HPs)
             Began as a Formicid Fighter on Jan 1, 2015.
             Was a Follower of Okawaru.
             Mangled by an orc warrior
             ... wielding a +0 trident
              (21 damage)
             ... on level 6 of the Dungeon.
             The game lasted 00:05:41 (4897 turns).

NewYearsCrawler the Cleaver (Formicid Fighter)      Turns: 4897, Time: 00:05:41

Health: -11/64     AC:  8    Str: 24    XL:     9   Next: 4%
Magic:  12/12      EV:  8    Int:  8    God:    Okawaru [*.....]
Gold:   250        SH: 10    Dex: 10    Spells: 0 memorised, 8 levels left

rFire  . . .     SeeInvis +     a - +1 war axe
rCold  + . .     Clarity  .     b - +0 scale mail (curse)
rNeg   . . .     SustAb   .     c - +0 shield (curse)
rPois  .         Gourm    .     (helmet unavailable)
rElec  .         Spirit   .     p - +0 cloak
rCorr  .         Warding  .     (no gloves)
rMut   .         Stasis   +     (no boots)
MR     .....                    (no amulet)
Stlth  ..........               e - ring of protection from cold (curse)
                                g - +1 ring of slaying

@: not resistant to hostile enchantments, extremely unstealthy
A: permanent stasis, dig shafts and tunnels, four strong arms, antennae 3,
screaming 1
a: Dig, Shaft Self, Heroism, Renounce Religion


You were on level 6 of the Dungeon.
You worshipped Okawaru.
Okawaru was aware of your devotion.
You were not hungry.

You visited 1 branch of the dungeon, and saw 6 of its levels.
You also visited: Ossuary.

You collected 250 gold pieces.

Inventory:

Hand weapons
 a - a +1 war axe (weapon)
 v - a +0 war axe
Armour
 b - a cursed +0 scale mail (worn)
 c - a cursed +0 shield (worn)
 p - a +0 cloak (worn)
Jewellery
 e - a cursed ring of protection from cold (right hand)
 g - a +1 ring of slaying (left hand)
Magical devices
 o - a wand of teleportation (1)
 w - a wand of digging (18)
Scrolls
 j - a scroll of recharging
 l - a scroll of brand weapon {unknown}
 m - a scroll of enchant weapon
 n - 3 scrolls of noise {unknown}
 q - a scroll of fog {unknown}
 r - 4 scrolls of remove curse
 s - a scroll of immolation {unknown}
 t - 8 scrolls of identify
 y - a scroll of teleportation {unknown}
Potions
 f - 2 potions of agility
 u - a potion of curing
Comestibles
 d - 3 bread rations
 h - a royal jelly
 i - 2 beef jerkies
 k - 2 meat rations


   Skills:
 - Level 3.2 Fighting
 + Level 10.1 Axes
 - Level 3.2 Armour
 + Level 5.6 Shields


You had 8 spell levels left.
You didn't know any spells.

Dungeon Overview and Level Annotations

Branches:
Dungeon (6/15)             Temple (0/1) D:5

Altars:
Fedhas
Kikubaaqudgha
Makhleb
Okawaru
Ru

Shops:
D:6 =


Innate Abilities, Weirdness & Mutations

You are under a permanent stasis effect.
You can dig through walls and to a lower floor.
Your four strong arms can wield two-handed weapons with a shield.
You have a pair of large antennae on your head (SInv).
You occasionally shout uncontrollably at your foes.


Message History

The orc warrior is heavily wounded.
You block the orc warrior's attack.
Unknown command.
You slash the orc warrior!
The orc warrior is severely wounded.
The orc wizard gestures wildly while chanting.
The orc wizard blinks!
The orc warrior hits you with a trident!
* * * LOW HITPOINT WARNING * * *
You closely miss the orc warrior.
The orc warrior is severely wounded.
The orc warrior hits you but does no damage.
Unknown command.
You hit the orc warrior.
The orc warrior is almost dead.
You block the orc warrior's attack.
You completely miss the orc warrior.
The orc warrior is severely wounded.
The orc warrior hits you with a trident!!
You die...

..## #.<..##
#.# ..#
##....## ###
..# #.....##
..# #......## .
#.......##
#........###
#...#......##
#...#....##.#
#........##@##
##.......###o#
##.......###s##
.........# #.o#
........# ##.##
#......###..#
#......##(.##
#....).((..#
##...<....##


You could see an orc warrior, an orc and a giant cockroach.

Vanquished Creatures
  The ghost of NewYearsCrawler the Chopper, an experienced FoFi (D:5)
  2 ogres
  A centaur (D:5)
  A phantom (D:6)
  3 elf zombies (Ossuary)
  A scorpion (D:4)
  A crimson imp (D:5)
  A centaur zombie (Ossuary)
  2 orc priests
  2 orc wizards
  An iguana (D:4)
  2 worker ants (D:5)
  A hound zombie (Ossuary)
  3 mummies (Ossuary)
  3 adders
  A shadow imp (D:5)
  A giant mite (D:5)
  5 worms
  4 adder zombies (Ossuary)
  3 giant geckos
  18 orcs
  15 bats
  2 bat skeletons
  4 giant cockroaches
  7 goblins
  11 hobgoblins
  8 jackals
  5 giant newts
  4 gnoll zombies (Ossuary)
  A goblin zombie (Ossuary)
  2 hobgoblin zombies (Ossuary)
  4 jackal zombies (Ossuary)
  7 kobolds
  5 kobold zombies (Ossuary)
  2 orc zombies (Ossuary)
  3 quokkas
  4 quokka zombies (Ossuary)
  12 rats
  3 rat zombies (Ossuary)
156 creatures vanquished.

Vanquished Creatures (others)
  4 toadstools (D:1)
4 creatures vanquished.

Grand Total: 160 creatures vanquished

Notes
Turn   | Place    | Note
--------------------------------------------------------------
     0 | D:1      | NewYearsCrawler, the Formicid Fighter, began the quest for the Orb.
     0 | D:1      | Reached XP level 1. HP: 18/18 MP: 1/1
   232 | D:1      | Reached XP level 2. HP: 22/24 MP: 3/3
   415 | D:1      | Reached XP level 3. HP: 27/29 MP: 4/4
  1001 | D:2      | Found a blossoming altar of Fedhas.
  1001 | D:2      | Found an ancient bone altar of Kikubaaqudgha.
  1544 | D:2      | Reached skill level 4 in Axes
  1544 | D:2      | Reached XP level 4. HP: 35/35 MP: 5/5
  1977 | D:3      | Reached XP level 5. HP: 24/41 MP: 7/7
  1982 | D:3      | Reached skill level 5 in Axes
  2924 | D:4      | Reached skill level 6 in Axes
  2924 | D:4      | Reached XP level 6. HP: 43/47 MP: 8/8
  3000 | D:4      | Found an iron altar of Okawaru.
  3025 | D:4      | Became a worshipper of Warmaster Okawaru
  3085 | D:4      | Noticed an ogre
  3093 | D:4      | Killed an ogre
  3414 | D:5      | Entered Level 5 of the Dungeon
  3425 | D:5      | Reached skill level 7 in Axes
  3425 | D:5      | Reached XP level 7. HP: 35/52 MP: 9/9
  3463 | D:5      | Noticed NewYearsCrawler's ghost (experienced FoFi)
  3484 | D:5      | Killed NewYearsCrawler's ghost
  3484 | D:5      | Reached skill level 8 in Axes
  3484 | D:5      | Reached XP level 8. HP: 23/58 MP: 11/11
  3599 | D:5      | Found a staircase to the Ecumenical Temple.
  3776 | D:5      | Found a sacrificial altar of Ru.
  3885 | D:5      | Found a burning altar of Makhleb.
  3885 | D:5      | Noticed a balrug
  3888 | D:5      | Noticed a hellwing
  3888 | D:5      | Noticed a neqoxec
  4013 | D:5      | Found a sand-covered staircase.
  4019 | Ossuary  | Entered an ossuary
  4201 | Ossuary  | Acquired Okawaru's first power
  4201 | Ossuary  | Reached skill level 9 in Axes
  4201 | Ossuary  | Reached skill level 5 in Shields
  4657 | D:6      | Reached skill level 10 in Axes
  4657 | D:6      | Reached XP level 9. HP: 41/64 MP: 12/12
  4666 | D:6      | Gained mutation: You have large cloven feet. [potion of mutation]
  4666 | D:6      | Gained mutation: You occasionally shout uncontrollably at your foes. [potion of mutation]
  4666 | D:6      | Lost mutation: You have large cloven feet. [potion of mutation]
  4787 | D:6      | Found Ojaqul's Jewellery Shop.
  4897 | D:6      | Mangled by an orc warrior

Action                   |  1- 3 |  4- 6 |  7- 9 || total
-------------------------+-------+-------+-------++-------
Melee: War axe           |    91 |   143 |   203 ||   437
  Use: Potion            |     3 |     4 |     4 ||    11
       Scroll            |     2 |     3 |       ||     5
  Eat: Chunk             |     1 |     7 |     5 ||    13
